 Dungeon Crawl Stone Soup version 0.30-a0-170-g85af917532 (webtiles) character file.

Game seed: 14271914437029590223

11775 funkygono the Geomancer (level 11, -1/60 HPs)
             Began as a Gargoyle Earth Elementalist on Sept 30, 2022.
             Was a Priest of Vehumet.
             Slain by a troll (9 damage)
             ... on level 14 of the Dungeon.
             The game lasted 00:24:26 (10607 turns).

funkygono the Geomancer (GrEE)                     Turns: 10607, Time: 00:24:27

Health: -1/60      AC: 18    Str: 12    XL:     11   Next: 83%
Magic:  16/25      EV: 12    Int: 20    God:    Vehumet [***...]
Gold:   536        SH:  0    Dex: 10    Spells: 14/31 levels left

rFire   . . .      SeeInvis .    f - +3 whip (spect)
rCold   . . .      Faith    .    (no shield)
rNeg    + . .      Spirit   .    d - +0 steam dragon scales
rPois   ∞          Reflect  .    (no helmet)
rElec   +          Harm     .    (no cloak)
rCorr   .          Rampage  .    (no gloves)
Will    .....                    A - +0 pair of boots
Stlth   ++........               s - amulet of regeneration
HPRegen 1.00/turn                r - ring of flight
MPRegen 0.19/turn                t - +4 ring of protection

@: flying
A: sickness immunity, AC +8, negative energy resistance 1, electricity
resistance, torment resistance 1, petrification resistance
a: Renounce Religion


You were on level 14 of the Dungeon.
You worshipped Vehumet.
Vehumet was most pleased with you.
You visited 2 branches of the dungeon, and saw 13 of its levels.

You collected 594 gold pieces.
You spent 58 gold pieces at shops.

Inventory:

Hand Weapons
 f - a +3 spectral whip (weapon)
 D - a +1 flail of draining
 E - a +1 whip of electrocution
 H - a +1 whip of flaming
 M - a +2 mace of protection
Armour
 a - a +0 robe
 d - +0 steam dragon scales (worn)
 h - a +1 robe of cold resistance
 n - a scarf of resistance
 x - the +0 leather armour of Asche {-Cast rF+ Will++ rCorr}
   (You found it on level 4 of the Dungeon)

   rF:        It protects you from fire.
   -Cast:     It prevents spellcasting.
   rCorr:     It protects you from acid and corrosion.
   Will:      It greatly increases your willpower.
 A - a +0 pair of boots (worn)
 C - the +1 leather armour of the Fiend {Harm rN+ Stlth+}
   (You found it on level 8 of the Dungeon)

   rN:        It protects you from negative energy.
   Harm:      It increases damage dealt and taken.
   Stlth:     It makes you more stealthy.
Magical Staves
 L - a staff of fire
Jewellery
 r - a ring of flight (left hand)
 s - an amulet of regeneration (around neck)
 t - a +4 ring of protection (right hand)
 G - an amulet of reflection
 J - a ring of positive energy
 K - a ring of ice
 Q - a ring of ice
Wands
 i - a wand of roots (8)
 y - a wand of flame (21) (quivered)
 F - a wand of mindburst (14)
 I - a wand of charming (8)
Scrolls
 g - 3 scrolls of immolation
 l - a scroll of silence
 z - 2 scrolls of teleportation
 N - a scroll of summoning
 O - a scroll of magic mapping
 P - a scroll of amnesia {unknown}
Potions
 b - a potion of magic
 c - 3 potions of brilliance
 e - 2 potions of mutation
 j - 2 potions of heal wounds
 k - 3 potions of might
 m - a potion of degeneration {unknown}
 o - 2 potions of cancellation
 p - 4 potions of curing
 q - 3 potions of haste
 u - 3 potions of berserk rage
 v - 2 potions of flight
 w - a potion of attraction {unknown}
 B - a potion of invisibility {unknown}


   Skills:
 + Level 3.0 Fighting
 + Level 2.4 Maces & Flails
 + Level 3.6 Dodging
 - Level 2.1 Stealth
 + Level 10.9 Spellcasting
 + Level 6.5 Conjurations
 + Level 0.7 Transmutations
 + Level 12.8 Earth Magic
 + Level 5.4 Poison Magic


You had 14 spell levels left.
You knew the following spells:

 Your Spells              Type           Power      Damage    Failure   Level
a - Sandblast             Erth           100%       2d20      1%          1
b - Passwall              Tmut/Erth      31%        N/A       1%          2
c - Stone Arrow           Conj/Erth      98%        3d13      1%          3
d - Lee's Rapid Deconstr  Erth           29%        3d16*     1%          5
e - Olgreb's Toxic Radia  Pois           32%        N/A       1%          4
f - Shock                 Conj/Air       96%        1d9       1%          1
g - Magic Dart            Conj           100%       1d8       1%          1

Your spell library contained the following spells:

 Spells                   Type           Power      Damage    Failure   Level
 Frozen Ramparts          Ice            20%        1d4       5%          3
 Sting                    Tmut/Pois      92%        1d7       1%          1
 Poisonous Vapours        Pois/Air       42%        N/A       1%          2
 Petrify                  Tmut/Erth      38%        N/A       3%          4
 Iskenderun's Battlesphe  Conj           37%        2d9       3%          5
 Beastly Appendage        Tmut           26%        N/A       4%          1
 Spider Form              Tmut/Pois      23%        N/A       5%          3
 Iron Shot                Conj/Erth      24%        9d5       5%          6
 Necrotise                Necr           40%        1d6       6%          1
 Arcjolt                  Conj/Air       12%        1d22      12%         5
 Vampiric Draining        Necr           10%        2d6       19%         3
 Alistair's Intoxication  Tmut/Pois      15%        N/A       45%         5
 Agony                    Necr           10%        N/A       87%         5
 Spellforged Servitor     Conj/Summ      12%        N/A       96%         7


Dungeon Overview and Level Annotations

Branches:
Dungeon (11/15)            Temple (1/1) D:7
   Lair: D:8-11         Orc: D:9-12

Altars:
Ashenzari
Cheibriados
Dithmenos
Elyvilon
Fedhas
Gozag
Hepliaklqana
Kikubaaqudgha
Makhleb
Nemelex Xobeh
Okawaru
Qazlal
Ru
Sif Muna
Trog
Uskayaw
Vehumet
Wu Jian
Xom
Yredelemnul
Zin
The Shining One

Shops:
D:5 (*[   D:8 ?

Annotations:
D:4 3 runed translucent doors, p0werm0de's ghost, amateur OpFi


Innate Abilities, Weirdness & Mutations

You are immune to sickness and miasma.
Your stone body is resilient. (AC +8)
You are immune to poison.
You resist negative energy. (rN+)
You are resistant to electric shocks. (rElec)
You are resistant to unholy torment.
You are immune to petrification.


Message History

The manticore claws you but does no damage.
Casting: Sandblast (safe; 1% risk of failure)
Confirm with . or Enter, or press ? or * to list all spells.
Aiming: Sandblast (safe; 1% risk of failure)
Press: ? - help, Shift-Dir - straight line, f/p - manticore
Aim: a manticore (almost dead, 91% to hit)
The blast of sand hits the manticore!
You kill the manticore!
Vehumet accepts your kill.
You feel your power returning.
You start resting.
A troll comes into view.
Magic courses through your body.
You start resting.
A troll is nearby!
Casting: Sandblast (safe; 1% risk of failure)
Confirm with . or Enter, or press ? or * to list all spells.
You begin to radiate toxic energy.
The troll shouts!
The troll is poisoned.
The troll looks even sicker.
Unknown command.
Unknown command.
Casting: Olgreb's Toxic Radiance (dangerous; 1% risk of failure)
Confirm with . or Enter, or press ? or * to list all spells.
Aiming: Stone Arrow (safe; 1% risk of failure)
Press: ? - help, Shift-Dir - straight line, f - troll
Aim: a troll (lightly wounded, very poisoned, 76% to hit)
The stone arrow hits the troll!!
The troll is heavily wounded.
Your toxic aura wanes.
Unknown command.
Casting: Stone Arrow (safe; 1% risk of failure)
Confirm with . or Enter, or press ? or * to list all spells.
Aiming: Stone Arrow (safe; 1% risk of failure)
Press: ? - help, Shift-Dir - straight line, f/p - troll
Aim: a troll (heavily wounded, very poisoned, 76% to hit)
The stone arrow misses the troll.
The troll bites you!
* * * LOW HITPOINT WARNING * * *
The troll barely misses you. The troll claws you!
You die...

.# ## .# ..
.. . . ..
.#.
#..###.###.#
#..........#
#..###†#
#..@#(..#
#..T#....#
#...#...##
#..###...?#
#.. )§#..
#.. .##..D
.# ## )../
..


You could see a troll (very poisoned).

Vanquished Creatures
  A hydra (D:14)
  A two-headed ogre (D:9)
  Pikel (D:8)
  A deep elf pyromancer (D:14)
  A manticore (D:14)
  2 cyclopes
  Joseph (D:7)
  2 kobold demonologists (D:9)
  3 trolls (D:10)
  12 yaks
  Grum (D:7)
  A wyvern (D:9)
  2 steam dragons
  2 vampire mosquitoes (D:10)
  5 water moccasins
  4 orc warriors (D:9)
  An ice beast (D:6)
  2 black bears
  An ogre (D:6)
  2 centaurs (D:8)
  5 wolves
  A lemure (D:8)
  2 kobold brigands
  3 necrophages
  2 scorpions
  2 gnoll sergeants
  5 wights (D:9)
  2 electric eels (D:11)
  8 howler monkeys
  4 hounds
  7 iguanas
  14 orc priests
  Natasha (twice) (D:2)
  17 orc wizards
  18 gnolls
  10 adders
  A shadow imp (D:8)
  3 ufetubi
  3 dart slugs
  46 orcs
  3 ball pythons
  6 bats
  9 endoplasms
  5 giant cockroaches
  9 goblins
  6 hobgoblins
  7 quokkas
  12 frilled lizards
  18 kobolds
  6 rats
282 creatures vanquished.

Vanquished Creatures (others)
  An electric eel (D:11)
  16 plants
17 creatures vanquished.

Grand Total: 299 creatures vanquished

Notes
Turn   | Place    | Note
-------+----------+-------------------------------------------
     0 | D:1      | funkygono the Gargoyle Earth Elementalist began the quest
                  | for the Orb.
     0 | D:1      | Reached XP level 1. HP: 10/10 MP: 3/3
   143 | D:1      | Reached XP level 2. HP: 15/15 MP: 1/5
   248 | D:1      | Reached skill level 4 in Earth Magic
   252 | D:1      | Learned a level 2 spell: Passwall
   505 | D:1      | Reached XP level 3. HP: 19/19 MP: 4/6
   509 | D:1      | Learned a level 3 spell: Stone Arrow
  1169 | D:2      | Reached XP level 4. HP: 24/24 MP: 6/8
  1207 | D:2      | Noticed Natasha
  1210 | D:2      | Reached skill level 1 in Conjurations
  1217 | D:2      | Killed Natasha
  1218 | D:2      | Reached skill level 5 in Earth Magic
  1367 | D:2      | Noticed Natasha
  1371 | D:2      | Killed Natasha
  1372 | D:2      | Reached XP level 5. HP: 28/28 MP: 5/9
  1915 | D:3      | Found a snail-covered altar of Cheibriados.
  1924 | D:3      | Found an iron altar of Okawaru.
  1925 | D:3      | Found a hide-covered altar of Uskayaw.
  1926 | D:3      | Found a glowing silver altar of Zin.
  1927 | D:3      | Found a shadowy altar of Dithmenos.
  2103 | D:3      | Reached XP level 6. HP: 32/32 MP: 9/11
  2516 | D:4      | Noticed a water moccasin
  2519 | D:4      | Killed a water moccasin
  2712 | D:4      | Reached skill level 6 in Earth Magic
  2803 | D:4      | Reached XP level 7. HP: 37/37 MP: 8/13
  2888 | D:4      | Identified the +0 leather armour of Asche {-Cast rF+ Will++
                  | rCorr}
  2953 | D:4      | Found a runed translucent gate.
  2953 | D:4      | Found a runed translucent gate.
  2953 | D:4      | Found a runed translucent gate.
  2956 | D:4      | Noticed p0werm0de's ghost (amateur OpFi)
  2997 | D:4      | Reached skill level 1 in Fighting
  3005 | D:4      | Reached skill level 1 in Maces & Flails
  3334 | D:5      | Entered Level 5 of the Dungeon
  3518 | D:5      | Found Voetil's Weapon Shoppe.
  3659 | D:5      | Reached skill level 5 in Spellcasting
  3763 | D:5      | Found an opulent altar of Gozag.
  3775 | D:5      | Reached skill level 7 in Earth Magic
  3809 | D:5      | Found a hazy altar of Hepliaklqana.
  3810 | D:5      | Found a basalt altar of Yredelemnul.
  3844 | D:5      | Found Amihumat's Armour Boutique.
  3858 | D:5      | Reached XP level 8. HP: 38/43 MP: 10/15
  3957 | D:5      | Bought a +0 pair of boots for 58 gold pieces
  4439 | D:5      | Found Tawiog's General Store.
  4991 | D:6      | Reached skill level 8 in Earth Magic
  5239 | D:6      | Noticed a cyclops
  5242 | D:6      | Killed a cyclops
  5243 | D:6      | Reached skill level 9 in Earth Magic
  5243 | D:6      | Reached XP level 9. HP: 48/48 MP: 8/19
  5343 | D:6      | Found a glowing golden altar of the Shining One.
  5886 | D:7      | Found a staircase to the Ecumenical Temple.
  5900 | D:7      | Got the Almanac of Shifting Clay
  6249 | Temple   | Entered the Ecumenical Temple
  6254 | Temple   | Became a worshipper of Vehumet
  6364 | D:7      | Noticed Joseph
  6434 | D:7      | Killed Joseph
  6435 | D:7      | Reached skill level 10 in Earth Magic
  6897 | D:7      | Reached XP level 10. HP: 53/53 MP: 13/22
  7035 | D:7      | Reached * piety under Vehumet
  7035 | D:7      | Offered knowledge of Shock by Vehumet.
  7472 | D:7      | Learned a level 5 spell: Lee's Rapid Deconstruction
  7477 | D:7      | Learned a level 4 spell: Olgreb's Toxic Radiance
  7588 | D:8      | Noticed Grum
  7591 | D:8      | Reached skill level 1 in Poison Magic
  7604 | D:8      | Reached skill level 5 in Conjurations
  7670 | D:7      | Killed Grum
  7745 | D:8      | Identified the +1 leather armour of the Fiend {Harm rN+
                  | Stlth+}
  7789 | D:8      | Noticed Pikel
  7828 | D:8      | Killed Pikel
  7829 | D:8      | Reached skill level 11 in Earth Magic
  8282 | D:8      | Learned a level 1 spell: Shock
  8290 | D:8      | Found Doeskav's Magic Scroll Emporium.
  8590 | D:9      | Noticed a two-headed ogre
  8649 | D:9      | Killed a two-headed ogre
  8785 | D:9      | Reached XP level 11. HP: 59/59 MP: 15/24
  8916 | D:9      | Reached ** piety under Vehumet
  8917 | D:9      | Reached skill level 12 in Earth Magic
  9059 | D:9      | Offered knowledge of Magic Dart by Vehumet.
  9070 | D:9      | Reached skill level 10 in Spellcasting
  9787 | D:9      | Learned a level 1 spell: Magic Dart
  9806 | D:10     | Entered Level 10 of the Dungeon
  9812 | D:10     | Noticed a two-headed ogre
  9813 | D:10     | Offered knowledge of Frozen Ramparts by Vehumet.
 10085 | D:10     | Reached *** piety under Vehumet
 10569 | D:11     | You are sucked into a shaft and drop 3 floors!
 10571 | D:14     | Noticed a cyclops
 10573 | D:14     | Killed a cyclops
 10573 | D:14     | Noticed a five-headed hydra
 10585 | D:14     | Killed a five-headed hydra
 10585 | D:14     | Noticed a deep elf pyromancer
 10586 | D:14     | Reached skill level 5 in Poison Magic
 10589 | D:14     | Killed a deep elf pyromancer
 10593 | D:14     | Noticed a manticore
 10599 | D:14     | Killed a manticore
 10607 | D:14     | Slain by a troll

Illustrated notes

Levels and vault maps discovered:
D:1:      lightli_arrival_quake, layout_loops_cross
D:2:      layout_rooms, minmay_lizard_king, uniq_natasha
D:3:      layout_rooms, minitemple, kennysheep_minor_cross
D:4:      layout_basic, gammafunk_ghost_necromancy
D:5:      layout_basic, chequers_temple_overflow_statue_of_worship,
          serial_shops, nicolae_diamond_shop, nicolae_stop_n_shop_1,
          nicolae_shop_behind_doors
D:6:      layout_loops_ring, tso_oasis_becter, minmay_misc_feat_encased
D:7:      layout_gridville, minmay_temple_entry_butterflies,
          serial_bayou_lagoon_a, chequers_serial_rivers_small_3, uniq_joseph
D:8:      layout_cave_pools, serial_shops, nicolae_diamond_shop, uniq_pikel,
          uniq_grum
D:9:      minmay_goldmine, layout_cave_pools
D:10:     layout_rooms
D:11:     hangedman_cross_stitches, layout_stronghold, erik_lair_island,
          serial_shops, freezing_bzr, nicolae_trove_entry_crystal
D:14:     layout_rooms, lightli_vaults_fourway_checkpoint, serial_bayou_pond_d,
          nicolae_titane, uniq_jorgrun, uniq_snorg, uniq_agnes
Temple:   nicolae_temple_ecumenical_triangle

Skill      XL: |  1  2  3  4  5  6  7  8  9 10 11 |
---------------+----------------------------------+-----
Earth Magic    | 4 5 6 7 9 10 11 12 | 12.8
Conjurations   | 1 2 3 4 5 6 |  6.5
Spellcasting   | 3 4 5 7 8 9 10 | 10.9
Fighting       | 1 2 3 |  3.0
Maces & Flails | 1 2 |  2.4
Dodging        | 2 3 |  3.6
Poison Magic   | 3 5 |  5.4
Stealth        | |  2.1
Transmutations | |  0.7

Action                   |  1- 3 |  4- 6 |  7- 9 | 10-12 || total
-------------------------+-------+-------+-------+-------++-------
Melee: Whip              |     7 |    17 |    29 |    53 ||   106
       Club              |     3 |       |       |       ||     3
 Cast: Sandblast         |    39 |    82 |   120 |    49 ||   290
       Stone Arrow       |       |       |    52 |   105 ||   157
       Olgreb's Toxic Ra |       |       |       |    18 ||    18
  Use: Scroll            |       |       |    15 |     9 ||    24
       Potion            |       |       |       |     1 ||     1
 Stab: Distracted        |       |       |       |     1 ||     1
Armor: Robe              |     8 |    12 |    16 |       ||    36
       Steam dragon scal |       |       |    15 |    87 ||   102
Dodge: Dodged            |    13 |    28 |    40 |    98 ||   179

Table legend: (Time is in decaauts)
 A = Elapsed time spent in this place.
 B = Non-inter-level travel time spent in this place.
 C = Inter-level travel time spent in this place.
 D = Time resting spent in this place.
 E = Time spent auto-exploring this place.
 F = Levels seen in this place.
 G = Mean time per level.
                   A        B        C        D        E       F      G
               +--------+--------+--------+--------+--------+-----+--------+
         Total |  10759 |  10465 |    294 |   1605 |   6996 |  13 |  827.6 |
       Dungeon |  10710 |  10434 |    276 |   1605 |   6977 |  12 |  892.5 |
        Temple |     48 |     30 |     18 |      0 |     19 |   1 |   48.0 |
               +--------+--------+--------+--------+--------+-----+--------+

Top non-repeatable levels by time:
     D:7: 1599 daAuts
     D:5: 1556 daAuts
     D:9: 1322 daAuts
     D:6: 1258 daAuts
     D:1: 994 daAuts
     D:4: 962 daAuts
     D:8: 864 daAuts
     D:3: 832 daAuts
    D:10: 612 daAuts
     D:2: 611 daAuts
    D:11: 54 daAuts
  Temple: 48 daAuts
    D:14: 40 daAuts
